 Dungeon Crawl Stone Soup version 0.21-a0-552-g593960d (webtiles) character file.

4 tidbits the Magician (level 1, -3/20 HPs)
             Began as a Gnoll Wanderer on Dec 17, 2017.
             Slain by a kobold
             ... wielding a +0 short sword
              (7 damage)
             ... on level 1 of the Dungeon.
             The game lasted 00:01:05 (112 turns).

tidbits the Magician (Gnoll Wanderer)                Turns: 112, Time: 00:01:06

Health: -3/20      AC:  2    Str: 12    XL:     1   Next: 60%
Magic:  8/8        EV: 12    Int: 13    God:
Gold:   22         SH:  5    Dex: 17    Spells: 13/14 levels left

rFire    . . .     SeeInvis .   a - +2 dagger
rCold    . . .     Gourm    .   d - +0 buckler
rNeg     . . .     Faith    .   e - +0 robe
rPois    .         Spirit   .   (no helmet)
rElec    .         Reflect  .   (no cloak)
rCorr    .         Harm     .   (no gloves)
MR       .....                  (no boots)
Stlth    ++........             (no amulet)
HPRegen  0.06/turn              (no ring)
MPRegen  0.11/turn              (no ring)

@: no status effects
A: distributed training, fangs 1, strong nose
a: no special abilities


You were on level 1 of the Dungeon.
You were not hungry.

You visited 1 branch of the dungeon, and saw 1 of its levels.

You collected 22 gold pieces.

Inventory:

Hand Weapons
 a - a +2 dagger (weapon)
 i - a +0 hunting sling
Missiles
 g - 24 stones (quivered)
Armour
 d - a +0 buckler (worn)
 e - a +0 robe (worn)
Scrolls
 j - a scroll of remove curse {unknown}
Potions
 b - a potion of haste
 h - a potion of brilliance {unknown}
Books
 c - the Compendium of Poison

   Spells                             Type                      Level
   a - Sting                          Conjuration/Poison           1
   b - Spider Form                    Transmutation/Poison         3
Comestibles
 f - a bread ration


   Skills:
 + Level 4.4 Fighting
 + Level 0.0 Short Blades
 + Level 0.0 Long Blades
 + Level 0.0 Axes
 + Level 0.0 Maces & Flails
 + Level 0.0 Polearms
 + Level 0.0 Staves
 + Level 0.0 Slings
 + Level 0.0 Bows
 + Level 0.0 Crossbows
 + Level 0.0 Throwing
 + Level 0.0 Armour
 + Level 2.3 Dodging
 + Level 2.1 Stealth
 + Level 2.3 Shields
 + Level 0.0 Unarmed Combat
 + Level 7.0 Spellcasting
 + Level 0.0 Conjurations
 + Level 0.0 Hexes
 + Level 0.0 Charms
 + Level 0.0 Summonings
 + Level 0.0 Necromancy
 + Level 1.9 Translocations
 + Level 0.0 Transmutations
 + Level 0.0 Fire Magic
 + Level 0.0 Ice Magic
 + Level 1.9 Air Magic
 + Level 0.0 Earth Magic
 + Level 0.0 Poison Magic
 + Level 0.1 Invocations
 + Level 0.0 Evocations


You had 13 spell levels left.
You knew the following spells:

 Your Spells              Type           Power        Failure   Level  Hunger
z - Sting                 Conj/Pois      #...         19%         1    None


Dungeon Overview and Level Annotations

Branches:
Dungeon (1/15)

Altars:


Innate Abilities, Weirdness & Mutations

Your experience applies equally to all skills.
You have very sharp teeth.
Your uncanny sense of smell can sniff out nearby items.


Message History

The fungus is lightly damaged.
You hit the fungus but do no damage.
The fungus is lightly damaged.
You hit the fungus.
The fungus is moderately damaged.
You hit the fungus.
The fungus is moderately damaged.
You hit the fungus. You bite the fungus, but do no damage.
The fungus is moderately damaged.
You hit the fungus.
The fungus is heavily damaged.
You hit the fungus. You bite the fungus, but do no damage.
The fungus is heavily damaged.
You hit the fungus.
The fungus is heavily damaged.
You hit the fungus. You bite the fungus.
The fungus is severely damaged.
You hit the fungus.
The fungus is almost destroyed.
You hit the fungus but do no damage.
The fungus is almost destroyed.
You hit the fungus.
The fungus is almost destroyed.
You hit the fungus. You bite the fungus.
You destroy the fungus!
j - a scroll labeled ATTEG CYNULAZ
There is an open door here.
Found a meat ration.
You open the door.
Found a scroll labeled PIYGO TE MODD.
There is an open door here.
A jackal and a kobold come into view.
The kobold shouts!
The jackal barks!
You block the jackal's attack.
A kobold comes into view. It is wielding a dagger.
The kobold shouts!
The kobold throws a stone.
The stone hits you. The jackal misses you.
You see here a stone.
The kobold barely misses you.
You see here a scroll labeled PIYGO TE MODD.
You hit the kobold.
The kobold is heavily wounded.
You hear a bark!
The jackal bites you. The kobold barely misses you. The jackal misses you.
You hit the kobold.
You kill the kobold!
You block the jackal's attack.
A jackal comes into view.
You completely miss the jackal. You bite the jackal, but do no damage.
You block the jackal's attack. The jackal barely misses you.
You hit the jackal but do no damage. The jackal misses you.
The jackal bites you. The jackal barely misses you. The jackal bites you.
You hit the jackal.
The jackal is lightly wounded.
The jackal bites you. The jackal misses you.
You hit the jackal but do no damage.
The jackal is lightly wounded.
The jackal barely misses you. x2; The jackal bites you.
The jackal misses you.
You hit the jackal. You bite the jackal, but do no damage.
The jackal is heavily wounded.
You block the jackal's attack.
The jackal bites you but does no damage.
You closely miss the jackal. You bite the jackal, but do no damage.
The jackal is heavily wounded.
The jackal barely misses you.
The jackal bites you but does no damage.
You closely miss the jackal.
The jackal is heavily wounded.
The jackal barely misses you. The jackal misses you. The jackal bites you.
The jackal barely misses you.
You hit the jackal but do no damage.
The jackal is heavily wounded.
The jackal closely misses you. The jackal barely misses you.
The jackal misses you.
You hit the jackal.
You kill the jackal!
The jackal closely misses you. The jackal bites you.
* * * LOW HITPOINT WARNING * * *
Items here: ( ) †† a dagger; 4 stones; a jackal corpse; a kobold corpse You hit the jackal.
You kill the jackal!
The kobold throws a stone.
The stone closely misses you.
The kobold throws a stone.
The stone hits you but does no damage.
Things that are here:
a stone; a scroll labeled PIYGO TE MODD; a jackal corpse The kobold hits you with a short sword.
* * * LOW HITPOINT WARNING * * *
You see here a stone.
You barely miss the kobold. You bite the kobold, but do no damage.
The kobold hits you with a short sword.
* * * LOW HITPOINT WARNING * * *
You barely miss the kobold. Your bite misses the kobold.
You block the kobold's attack.
You barely miss the kobold. The kobold completely misses you.
You hit the kobold but do no damage. The kobold hits you but does no damage.
You hit the kobold but do no damage. The kobold barely misses you.
You barely miss the kobold. The kobold hits you with a short sword!
You die...

........#######...###.....##
.........#....#..## ##...###
%...........#....# #..##.#
.........######...# #...##..
........## .###.......####.
........####K# ##.....## #.
.......#'.#.# ##..## ##
......####K### ...# # ....##
##@(## #.. .### ###)# .#
#.## #..∆ #.# . .. .. ###
###


You could see a kobold.

Vanquished Creatures
  2 jackals (D:1)
  A kobold (D:1)
  A fungus (D:1)
4 creatures vanquished.

Notes
Turn   | Place    | Note
-------+----------+-------------------------------------------
     0 | D:1      | tidbits the Gnoll Wanderer began the quest for the Orb.
     0 | D:1      | tidbits set off with: a +2 dagger, a potion of haste, the Compendium of Poison, a +0 buckler, a +0 robe, a bread ration
     0 | D:1      | Reached XP level 1. HP: 20/20 MP: 8/8
     0 | D:1      | Identified the Compendium of Poison
     2 | D:1      | Learned a level 1 spell: Sting
   112 | D:1      | Slain by a kobold

Vault maps used:
D:1:      dpeg_cavernosity

Action                   || total
-------------------------++-------
Melee: Dagger            ||    33
       Bite              ||     8
Armor: Robe              ||     2
Dodge: Dodged            ||    22
Block: Buckler           ||     5

Table legend:
 A = Spawn XP
 B = Non-spawn XP
 C = Spawn XP percentage of total XP
 D = Spawn monster count
 E = Non-spawn monster count
 F = Spawn count percentage of total count
 G = Total turns spent on level
                    A         B        C        D         E        F      G
               +---------+---------+-------+---------+---------+-------+---------
         Total |       0 |       6 |   0.0 |       0 |       3 |   0.0 |   112
               +---------+---------+-------+---------+---------+-------+---------
           D:1 |       0 |       6 |   0.0 |       0 |       3 |   0.0 |   112
               +---------+---------+-------+---------+---------+-------+---------

Table legend:
 A = Turns spent in this place as a percentage of turns spent in the entire game.
 B = Non-inter-level travel turns spent in this place as a percentage of non-inter-level travel turns spent in the entire game.
 C = Inter-level travel turns spent in this place as a percentage of turns spent in this place.
 D = Turns resting spent in this place as a percentage of non-inter-level travel turns spent in this place.
 E = Turns spent auto-exploring this place as a percentage of non-inter-level travel turns spent in this place.
 F = Non-inter-level travel turns spent in this place divided by the number of levels of this place that you've seen.
                   A       B       C       D       E      F
               +-------+-------+-------+-------+-------+----------------------
         Total | 100.0 | 100.0 |   0.0 |   0.0 |   0.0 | 112.0
       Dungeon | 100.0 | 100.0 |   0.0 |   0.0 |   0.0 | 112.0
               +-------+-------+-------+-------+-------+----------------------

Table legend:
 A = Kills in this place as a percentage of kills in entire the game.
 B = Kills by you in this place as a percentage of kills by you in the entire game.
 C = Kills by friends in this place as a percentage of kills by friends in the entire game.
 D = Other kills in this place as a percentage of other kills in the entire game.
 E = Experience gained in this place as a percentage of experience gained in the entire game.
 F = Experience gained in this place divided by the number of levels of this place that you have seen.
                   A       B       C       D       E      F
               +-------+-------+-------+-------+-------+----------------------
         Total | 100.0 | 100.0 |   N/A |   N/A | 100.0 |   6.0
       Dungeon | 100.0 | 100.0 |   N/A |   N/A | 100.0 |   6.0
               +-------+-------+-------+-------+-------+----------------------

Vault maps used:
D:1:      dpeg_cavernosity
